 Dungeon Crawl Stone Soup version 0.30-a0-360-g447f08457e (webtiles) character file.

Game seed: 2092727848958005257

209 pokeman the Magician (level 5, 0/29 HPs)
             Began as a Deep Elf Hedge Wizard on Nov 13, 2022.
             Slain by an orc wizard
             ... wielding a +0 dagger
              (4 damage)
             ... on level 4 of the Dungeon.
             The game lasted 00:06:05 (3425 turns).

pokeman the Magician (Deep Elf Hedge Wizard)        Turns: 3425, Time: 00:06:06

Health: 0/29       AC:  3    Str:  7    XL:     5   Next: 55%
Magic:  11/15      EV: 12    Int: 21    God:
Gold:   87         SH:  0    Dex: 14    Spells: 8/16 levels left

rFire   + . .      SeeInvis .    s - +1 sling "Killer Bee's Death" {freeze, rF+}
rCold   . . .      Faith    .    (no shield)
rNeg    . . .      Spirit   .    k - +0 leather armour
rPois   .          Reflect  .    c - +0 hat
rElec   .          Harm     .    (no cloak)
rCorr   .          Rampage  .    (no gloves)
Will    .....                    (no boots)
Stlth   +.........               (no amulet)
HPRegen 0.24/turn                (no ring)
MPRegen 0.14/turn                (no ring)

@: confused
A: no striking features
a: no special abilities


You were on level 4 of the Dungeon.
You visited 1 branch of the dungeon, and saw 4 of its levels.

You collected 87 gold pieces.

Inventory:

Hand Weapons
 s - the +1 sling "Killer Bee's Death" (weapon) {freeze, rF+}
   (You found it on level 3 of the Dungeon)

   Any ammunition fired from it freezes those it strikes, dealing additional
   cold damage.
   It can also slow down cold-blooded creatures.
   rF:        It protects you from fire.
Missiles
 o - a throwing net
Armour
 c - a +0 hat (worn)
 k - a +0 leather armour (worn)
Wands
 q - a wand of charming (8)
Scrolls
 a - 2 scrolls of immolation {unknown}
 b - 3 scrolls of identify {unknown}
 e - a scroll of enchant armour {unknown}
 g - 3 scrolls of teleportation {unknown}
 i - a scroll of amnesia {unknown}
 l - a scroll of torment {unknown}
 m - 3 scrolls of enchant weapon {unknown}
 p - a scroll of noise {unknown}
 r - a scroll of summoning {unknown}
 u - a scroll of poison {unknown}
Potions
 d - a potion of magic
 f - 3 potions of curing {unknown}
 h - a potion of flight {unknown}
 j - 2 potions of might {unknown}
 n - a potion of heal wounds {unknown}
 t - a potion of lignification {unknown}


   Skills:
 - Level 1.1 Fighting
 - Level 1.1 Armour
 - Level 3.0 Dodging
 - Level 3.0 Stealth
 * Level 6.4 Spellcasting
 + Level 2.7 Conjurations
 - Level 1.1 Summonings
 - Level 1.1 Translocations
 + Level 0.8 Poison Magic
 + Level 0.6 Evocations


You had 8 spell levels left.
You knew the following spells:

 Your Spells              Type           Power      Damage    Failure   Level
a - Magic Dart            Conj           72%        1d6       4%          1
b - Mephitic Cloud        Conj/Pois/Air  11%        N/A       26%         3
c - Call Imp              Summ           11%        N/A       13%         2
d - Blink                 Tloc           22%        N/A       13%         2

Your spell library contained the following spells:

 Spells                   Type           Power      Damage    Failure   Level
 Static Discharge         Conj/Air       24%        2-3/arc   12%         2
 Slow                     Hex            24%        N/A       14%         1
 Cigotuvi's Dreadful Rot  Necr/Pois/Air  14%        N/A       19%         2
 Vhi's Electric Charge    Tloc/Air       18%        N/A       32%         3
 Arcjolt                  Conj/Air       6%         1d16      91%         5
 Lightning Bolt           Conj/Air       6%         1d18      91%         5


Dungeon Overview and Level Annotations

Branches:
Dungeon (4/15)
 Temple: D:4-7

Altars:
Qazlal
The Shining One

Shops:
D:1 =


Message History

You kill the orc!
The hobgoblin laughs at nothing.
The orc closely misses something.
Unknown command.
Fire: s) +1 sling "Killer Bee's Death" {freeze, rF+}
Press: ? - help, Q - select action, (/) - cycle Shift-Dir - straight line, f - hobgoblin
Aim: a hobgoblin (moderately wounded, fast, confused, 76% to hit)
You shoot a sling bullet. The sling bullet hits the hobgoblin.
The sling bullet freezes the hobgoblin.
You kill the hobgoblin!
Something hits you.
You hear some strange, mumbled words.
A magic dart appears from out of thin air!
The magic dart hits you!
You hear some strange, mumbled words.
You are confused.
Non-targeted confused fire: s) +1 sling "Killer Bee's Death" {freeze, rF+}
Press: ? - help, Q - select action, (/) - cycle Dir - look around, f - activate You shoot a sling bullet.
You hear some strange, mumbled words.
You are more confused.
The orc closely misses something.
The orc hits itself with a +0 whip.
Something barely misses you.
You bump into the rock wall.
Something hits you. x2
You bump into the rock wall.
You hear some strange, mumbled words.
You are more confused.
The orc hits you with a +0 whip.
You bump into the rock wall.
Something hits you.
The orc hits something with a +0 whip.
The orc hits itself with a +0 whip.
The orc is killed!
You bump into the rock wall.
Something hits you but does no damage. Something hits you but does no damage.
Something hits you.
* * * LOW HITPOINT WARNING * * *
You closely miss something. Something hits you.
* * * LOW HITPOINT WARNING * * *
Something hits you.
* * * LOW HITPOINT WARNING * * *
Something hits you.
You die...

#.#
##........#
#.#
##)......#
#.# ##.######
#. ##...##
##..)..##
###...)...#
#....._.....#
#.#.......#.#
#@##.....##.#
#..##...## #
##).##.##
##......
..†....
.......
.......
.......
.......


There were no monsters in sight!

Vanquished Creatures
  Natasha (thrice) (D:2)
  An orc wizard (D:4)
  3 adders
  2 worms (D:2)
  2 dart slugs
  7 orcs (D:4)
  6 endoplasms
  2 giant cockroaches
  5 goblins
  7 hobgoblins
  3 jackals (D:1)
  5 kobolds
  3 quokkas
  2 ball pythons
  7 bats
  4 frilled lizards
  6 rats
68 creatures vanquished.

Vanquished Creatures (others)
  4 fungi (D:2)
  4 plants
8 creatures vanquished.

Grand Total: 76 creatures vanquished

Notes
Turn   | Place    | Note
-------+----------+-------------------------------------------
     0 | D:1      | pokeman the Deep Elf Hedge Wizard began the quest for the
                  | Orb.
     0 | D:1      | Reached XP level 1. HP: 10/10 MP: 7/7
   326 | D:1      | Reached XP level 2. HP: 16/16 MP: 5/9
   785 | D:1      | Found Igiolupt's Jewellery Boutique.
   977 | D:1      | Reached skill level 5 in Spellcasting
  1248 | D:2      | Reached XP level 3. HP: 20/20 MP: 8/11
  1252 | D:2      | Learned a level 3 spell: Mephitic Cloud
  1255 | D:2      | Learned a level 2 spell: Call Imp
  1258 | D:2      | Learned a level 2 spell: Blink
  1358 | D:2      | Found a faded altar of an unknown god.
  1421 | D:2      | Reached skill level 1 in Armour
  1512 | D:2      | Noticed Natasha
  1527 | D:2      | Killed Natasha
  1528 | D:2      | Reached skill level 1 in Fighting
  1528 | D:2      | Reached XP level 4. HP: 17/25 MP: 5/13
  1960 | D:2      | Noticed Natasha
  1976 | D:2      | Killed Natasha
  2140 | D:2      | Noticed Natasha
  2149 | D:2      | Killed Natasha
  2150 | D:2      | Reached skill level 6 in Spellcasting
  2200 | D:2      | Reached XP level 5. HP: 29/29 MP: 11/15
  2524 | D:3      | Identified the +1 sling "Killer Bee's Death" {freeze, rF+}
  2975 | D:3      | Found a glowing golden altar of the Shining One.
  3365 | D:4      | Found a stormy altar of Qazlal.
  3425 | D:4      | Slain by an orc wizard

Illustrated notes

Levels and vault maps discovered:
D:1:      minmay_arrival_nine_rooms, layout_loops_ring, serial_shops,
          nicolae_shop_behind_doors, serial_bayou_lagoon_a
D:2:      layout_basic, serial_corexii_hall, corexii_hall_statues_i,
          chequers_hall_statues_y, chequers_hall_statues_y,
          shapermc_ecumenical_altar_mp_urbaneastern, minmay_tree_intersection,
          uniq_natasha
D:3:      layout_basic, tso_oasis_becter
D:4:      layout_basic, lemuel_round_altar, general_overflow_altar

Skill      XL: |  1  2  3  4  5 |
---------------+----------------+-----
Spellcasting   | 5 6 |  6.4
Armour         | 1 |  1.1
Fighting       | 1 |  1.1
Conjurations   | 2 |  2.7
Dodging        | 3 |  3.0
Stealth        | 3 |  3.0
Summonings     | |  1.1
Translocations | |  1.1
Poison Magic   | |  0.8
Evocations     | |  0.6

Action                   |  1- 3 |  4- 6 || total
-------------------------+-------+-------++-------
Melee: Dagger            |     8 |    22 ||    30
       Sling             |       |     1 ||     1
 Fire: Sling             |       |    59 ||    59
 Cast: Magic Dart        |    74 |    45 ||   119
       Mephitic Cloud    |     1 |     7 ||     8
 Stab: Confused          |     3 |     2 ||     5
Armor: Robe              |     5 |       ||     5
       Leather armour    |     4 |    11 ||    15
Dodge: Dodged            |    15 |    30 ||    45

Table legend: (Time is in decaauts)
 A = Elapsed time spent in this place.
 B = Non-inter-level travel time spent in this place.
 C = Inter-level travel time spent in this place.
 D = Time resting spent in this place.
 E = Time spent auto-exploring this place.
 F = Levels seen in this place.
 G = Mean time per level.
                   A        B        C        D        E       F      G
               +--------+--------+--------+--------+--------+-----+--------+
         Total |   3459 |   3373 |     86 |     21 |   2886 |   4 |  864.8 |
       Dungeon |   3459 |   3373 |     86 |     21 |   2886 |   4 |  864.8 |
               +--------+--------+--------+--------+--------+-----+--------+

Top non-repeatable levels by time:
     D:2: 1408 daAuts
     D:1: 1121 daAuts
     D:3: 656 daAuts
     D:4: 272 daAuts
